 Dungeon Crawl Stone Soup version 0.30-a0-12-gd8047c6341 (console) character file.

Game seed: 5155362460052151139

80477 odiv the Severer (level 14, -13/128 HPs)
             Began as a Palentonga Warper on Aug 23, 2022.
             Was the Champion of Jiyva.
             Shot with an arrow by a deep elf archer (24 damage)
             ... on level 1 of the Elven Halls on Aug 24, 2022.
             The game lasted 01:34:08 (18190 turns).

odiv the Severer (Palentonga Warper)               Turns: 18190, Time: 01:34:08

Health: -13/128    AC: 15    Str: 23    XL:     14   Next: 83%
Magic:  23/23      EV: 16    Int: 15    God:    Jiyva [******]
Gold:   593        SH:  0    Dex: 14    Spells: 16/25 levels left

rFire   + + .      SeeInvis +    a - +0 war axe (elec)
rCold   . . .      Faith    .    (no shield)
rNeg    . . .      Spirit   .    u - +0 leather armour {rPois}
rPois   +          Reflect  .    (helmet unavailable)
rElec   .          Harm     .    j - +1 cloak
rCorr   +          Rampage  .    (no gloves)
Will    +....      Clarity  +    (no barding)
Stlth   +++.......               n - amulet of the acrobat
HPRegen 1.91/turn                g - ring of protection from fire
MPRegen 0.68/turn                r - ring "Wiurghuac" {Wiz Str+4 Dex+3 Stlth+}

@: slowed, curled up, very slow
A: large, rugged brown scales 3, see invisible, deformed body, roll 1, armoured
tail, reflexive curl, antennae 3, talons 3, clarity, fire resistance 1, mutation
resistance 1, wild magic 2, gelatinous body 2
}: 1/15 runes: slimy
a: Rolling Charge, Renounce Religion, Oozemancy, Slimify


You were on level 1 of the Elven Halls.
You worshipped Jiyva.
Jiyva was exalted by your worship.
You visited 7 branches of the dungeon, and saw 29 of its levels.
You also visited: Ossuary.

You collected 1872 gold pieces.
You spent 1279 gold pieces at shops.

Inventory:

Hand Weapons
 a - a +0 war axe of electrocution (weapon)
 b - a +0 sling
 e - a +0 battleaxe
 h - a +4 war axe
 i - a +0 arbalest
 z - a +0 war axe of venom
 C - a +0 longbow
Missiles
 d - 7 boomerangs of dispersal (quivered)
 f - 6 datura-tipped darts
 t - 9 javelins
 y - a throwing net
 H - 9 boomerangs
Armour
 j - a +1 cloak (worn)
 u - a +0 leather armour of poison resistance (worn)
 v - a +0 kite shield
 I - the +2 helmet of the Gloaming {rElec Int+3}
   (You found it on level 5 of the Pits of Slime)

   Int:       It affects your intelligence (+3).
   rElec:     It insulates you from electricity.
 J - a +0 pair of boots
 S - a +3 chain mail of cold resistance
 X - a +0 troll leather armour
Magical Staves
 D - a staff of conjuration
Jewellery
 g - a ring of protection from fire (left hand)
 n - an amulet of the acrobat (around neck)
 r - the ring "Wiurghuac" (right hand) {Wiz Str+4 Dex+3 Stlth+}
   (You bought it in a shop on level 2 of the Orcish Mines)

   [ring of wizardry]

   It improves your spell success rate.
   Str:       It affects your strength (+4).
   Dex:       It affects your dexterity (+3).
   Stlth:     It makes you more stealthy.
Wands
 c - a wand of mindburst (13)
 k - a wand of polymorph (7)
 s - a wand of charming (26)
 R - a wand of quicksilver (12)
 T - a wand of flame (7)
 V - a wand of digging (5)
Scrolls
 l - 3 scrolls of enchant weapon
 m - 2 scrolls of magic mapping
 q - 2 scrolls of fog
 A - 2 scrolls of poison
 B - 2 scrolls of summoning
 E - a scroll of brand weapon
 L - 2 scrolls of blinking
 N - 2 scrolls of teleportation
 W - 4 scrolls of enchant armour
 Y - 2 scrolls of amnesia
 Z - a scroll of silence
Potions
 o - a potion of berserk rage
 p - 3 potions of invisibility
 w - 2 potions of heal wounds
 x - 2 potions of brilliance
 F - 8 potions of curing
 G - 3 potions of haste
 K - a potion of resistance
 M - 3 potions of magic
 O - 2 potions of might {unknown}
 P - 2 potions of ambrosia
 Q - 2 potions of flight
Miscellaneous
 U - a phial of floods


   Skills:
 + Level 14.3 Fighting
 - Level 16.0 Axes
 - Level 0.6 Throwing
 - Level 0.7 Armour
 + Level 11.2 Dodging
 + Level 2.3 Stealth
 - Level 6.0 Spellcasting
 - Level 5.0 Conjurations
 - Level 5.0 Translocations


You had 16 spell levels left.
You knew the following spells:

 Your Spells              Type           Power      Damage    Failure   Level
a - Magic Dart            Conj           100%       1d8       2%          1
b - Blink                 Tloc           62%        N/A       3%          2
c - Teleport Other        Tloc           31%        N/A       6%          3
d - Searing Ray           Conj           62%        2d6       3%          2
e - Apportation           Tloc           62%        N/A       2%          1

Your spell library contained the following spells:

 Spells                   Type           Power      Damage    Failure   Level
 Gell's Gravitas          Tloc           31%        N/A       6%          3
 Lesser Beckoning         Tloc           31%        N/A       6%          3
 Static Discharge         Conj/Air       19%        3-6/arc   8%          2
 Summon Small Mammal      Summ           28%        N/A       13%         1
 Dazzling Flash           Conj/Hex       38%        N/A       14%         3
 Iskenderun's Mystic Bla  Conj/Tloc      31%        2d8       16%         4
 Sublimation of Blood     Necr           7%         N/A       19%         2
 Fulminant Prism          Conj/Hex       9%         3d7       36%         4
 Manifold Assault         Tloc           31%        N/A       36%         5
 Petrify                  Tmut/Erth      7%         N/A       65%         4
 Irradiate                Conj/Tmut      9%         3d14      65%         5
 Lightning Bolt           Conj/Air       9%         1d22      65%         5
 Alistair's Intoxication  Tmut/Pois      4%         N/A       92%         5
 Starburst                Conj/Fire      9%         6d5       99%         6
 Maxwell's Capacitive Co  Air            3%         ∞         100%        8


Dungeon Overview and Level Annotations

Branches:
Dungeon (14/15)            Temple (0/1) D:7            Lair (5/5) D:11
 Shoals (1/4) Lair:3       Spider (1/4) Lair:2        Slime (5/5) Lair:5
    Orc (2/2) D:12            Elf (1/3) Orc:2       Ossuary (visited)
 Vaults: D:13-14

Altars:
Cheibriados
Dithmenos
Elyvilon
Gozag
Kikubaaqudgha
Okawaru
Qazlal
Sif Muna
Trog
Uskayaw
Vehumet
Wu Jian
The Shining One
Jiyva

Shops:
D:7 [   Orc:2 !==:*   Elf:1 ?

Annotations:
D:3 2 runed translucent doors, qwertyui's ghost, weakling TrFi
Spider:1 Kirke
Slime:5 Royal Jelly


Innate Abilities, Weirdness & Mutations

You are completely covered in rugged brown scales. (AC +3, +7% HP)
You have supernaturally acute eyesight. (SInv)
Armour fits poorly on your strangely shaped body.
You can roll at nearby foes to attack.
You have a long armoured tail.
You curl defensively after being hit. (AC +7*)
You have a pair of large antennae on your head. (SInv)
You have claws for feet.
You possess an exceptional clarity of mind.
Your flesh is heat resistant. (rF+)
You are somewhat resistant to further mutation.
Your spells are harder to cast, but more powerful.
Your pliable body absorbs attacks. (AC +2, EV +2)


Message History

Roll where?
Press: ? - help, Dir - move target, f - deep elf archer
Aim: a deep elf archer, wielding a +0 shortbow and wearing a +0 leather armour (repelling missiles)
You roll forward with a clatter of scales!
You miss the deep elf archer.
The deep elf pyromancer casts a spell.
The deep elf pyromancer blinks!
The deep elf archer unwields a +0 shortbow.
The deep elf archer wields a +0 dagger.
The deep elf archer hits you with a +0 dagger!!
* * * LOW HITPOINT WARNING * * *
The deep elf archer shoots an arrow.
The arrow closely misses you.
As you read the scroll of fog, it crumbles to dust.
The scroll dissolves into smoke.
The deep elf archer points at you and mumbles some strange words.
You feel yourself slow down.
Unknown command.
Cast which spell? (? or * to list)
You blink.
The deep elf archer shoots an arrow.
The arrow hits you.
* * * LOW HITPOINT WARNING * * *
The deep elf archer gestures at you while chanting.
You resist with some effort.
Unknown command.
You feel much better.
You feel stable enough to blink again.
The deep elf archer shoots an arrow.
The arrow barely misses you.
The deep elf archer casts a spell at you.
You resist with some effort.
The deep elf archer unwields a +0 dagger.
The deep elf archer wields a +0 shortbow.
The deep elf archer shoots an arrow.
The arrow hits you!!
* * * LOW HITPOINT WARNING * * *
The deep elf archer shoots an arrow.
The arrow hits you.
* * * LOW HITPOINT WARNING * * *
The deep elf archer shoots an arrow.
The arrow hits you!
* * * LOW HITPOINT WARNING * * *
As you read the scroll of fog, it crumbles to dust.
The scroll dissolves into smoke.
The deep elf archer shoots an arrow.
The arrow hits you!!
You die...

+....§###+#####+## ##..
#.....§§§§.......## ###
#...§ee§.........##
##..§§§...........##
#.##§§)..)..e.....#######
# #§§.............##....
.##..§...§..^.....'.[###
..'..§§§§..).....#####
..##...§@§.......## #
##.§§§§......##
#############


You could see a deep elf archer (repels missiles).

Vanquished Creatures
  Rupert (D:13)
  Gastronok (Lair:3)
  The ghost of Buttons840 the Severer, a journeyman MiBe of Trog (Orc:2)
  A fire dragon (Lair:5)
  Josephine (Orc:2)
  5 hydras
  2 catoblepae
  3 two-headed ogres
  3 centaur warriors
  A death knight (D:12)
  4 death yaks
  2 orc high priests (Orc:2)
  A deep elf knight (Elf:1)
  Amaemon (Lair:3)
  A skeletal warrior (D:12)
  2 orc knights
  A swamp dragon (Lair:5)
  2 deep elf archers (Elf:1)
  A deep elf zephyrmancer (Elf:1)
  Pikel (D:3)
  An oklob plant (Lair:4)
  3 manticores
  3 deep elf pyromancers
  5 orc sorcerers (Orc:2)
  4 cyclopes
  2 ugly things
  9 elephants
  7 black mambas
  7 cane toads
  An orange demon (Lair:3)
  2 kobold demonologists (D:9)
  An unseen horror (D:7)
  An efreet (D:13)
  4 rime drakes
  8 komodo dragons
  4 trolls
  2 hornets (Lair:5)
  A polar bear (Lair:1)
  12 blink frogs
  3 dream sheep (Lair:5)
  A spriggan (Lair:2)
  A shadow (D:9)
  3 water elementals
  43 yaks
  A vampire (D:12)
  5 wyverns
  5 basilisks
  8 wraiths
  3 steam dragons
  Eustachio (D:4)
  5 vampire mosquitoes
  Menkaure (D:4)
  3 acid dragons
  7 wargs
  12 water moccasins
  2 swamp drakes (Lair:5)
  A hornet zombie (Ossuary)
  15 orc warriors
  4 sky beasts
  An ice beast (D:8)
  2 black bears
  5 centaurs
  4 ogres
  14 wolves
  A lemure (D:3)
  A phantom (D:5)
  2 kobold brigands (D:9)
  10 bullfrogs
  A necrophage (D:7)
  A gnoll sergeant (D:7)
  2 scorpions
  A water moccasin zombie (Ossuary)
  13 wights
  10 killer bees
  5 electric eels
  4 howler monkeys
  14 orc priests
  4 bullfrog zombies (Ossuary)
  2 centaur zombies (Ossuary)
  5 hounds
  A gnoll bouda (D:3)
  17 mummies (Ossuary)
  3 iguanas (Lair:5)
  34 orc wizards
  6 hell rats (Lair:1)
  3 howler monkey zombies (Ossuary)
  15 gnolls
  7 adders
  A white imp (D:8)
  3 ufetubi
  3 dart slugs
  53 orcs
  3 ball pythons
  An endoplasm (D:1)
  3 giant cockroaches
  3 hobgoblins
  A jackal (D:1)
  8 kobolds
  A quokka (D:3)
  4 bats
  A frilled lizard (D:2)
  10 goblins
  3 rats (D:2)
522 creatures vanquished.

Vanquished Creatures (collateral kills)
  2 boulder beetles (Lair:3)
  A two-headed ogre (D:9)
  A deep elf zephyrmancer (Elf:1)
  A cane toad (Lair:3)
  A wight (D:9)
6 creatures vanquished.

Vanquished Creatures (others)
  A cyclops (D:14)
  An ugly thing (D:14)
  A komodo dragon (Lair:5)
  A tengu conjurer (D:14)
  4 slime creatures (D:14)
  Grinder (D:6)
  4 blink frogs (Lair:5)
  A vampire mosquito (D:14)
  A steam dragon (Lair:5)
  An orc warrior (Orc:2)
  A wolf (Lair:4)
  2 bullfrogs
  A necrophage (D:5)
  A wight (D:6)
  A killer bee (D:7)
  A hound (D:11)
  71 jellies
  3 orc wizards
  6 gnolls
  3 adders
  A shadow imp (D:7)
  A white imp (D:6)
  2 endoplasms
  11 orcs
  2 giant cockroaches
  A goblin (D:3)
  A jackal (D:1)
  A kobold (D:2)
  A rat (D:3)
  2 bushes (D:6)
  2 demonic plants (D:1)
  80 fungi
  119 plants
  6 withered plants
336 creatures vanquished.

Grand Total: 864 creatures vanquished

Notes
Turn   | Place    | Note
-------+----------+-------------------------------------------
     0 | D:1      | odiv the Palentonga Warper began the quest for the Orb.
     0 | D:1      | Reached XP level 1. HP: 17/17 MP: 3/3
   219 | D:1      | Found a faded altar of an unknown god.
   248 | D:1      | Prayed at the altar of an unknown god.
   248 | D:1      | Became a worshipper of Jiyva Janununi the Shapeless
   248 | D:1      | Reached * piety under Jiyva
   299 | D:1      | Reached XP level 2. HP: 23/23 MP: 5/5
   302 | D:1      | Learned a level 2 spell: Blink
   644 | D:2      | Reached ** piety under Jiyva
   650 | D:2      | Reached XP level 3. HP: 28/28 MP: 6/6
  1513 | D:3      | Reached XP level 4. HP: 31/35 MP: 7/7
  1515 | D:3      | Reached skill level 5 in Translocations
  1843 | D:3      | Found a runed translucent door.
  1847 | D:3      | Noticed qwertyui's ghost (weakling TrFi)
  1847 | D:3      | Noticed a bullfrog
  1889 | D:3      | Found a runed translucent door.
  1928 | D:3      | Reached *** piety under Jiyva
  2068 | D:4      | Gained mutation: Your flesh is cold resistant. (rC+)
                  | [Jiyva's grace]
  2068 | D:4      | Gained mutation: Your flesh is very cold resistant. (rC++)
                  | [Jiyva's grace]
  2068 | D:4      | Gained mutation: Your flesh is almost immune to the effects
                  | of cold. (rC+++) [Jiyva's grace]
  2068 | D:4      | Gained mutation: You can roll at foes to attack. [Jiyva's
                  | grace]
  2091 | D:4      | Found a white marble altar of Elyvilon.
  2091 | D:4      | Found an ancient bone altar of Kikubaaqudgha.
  2092 | D:4      | Noticed a lemure
  2093 | D:4      | Noticed Pikel
  2097 | D:4      | Found an opulent altar of Gozag.
  2173 | D:4      | Found a hide-covered altar of Uskayaw.
  2220 | D:4      | Noticed Eustachio
  2222 | D:4      | Reached **** piety under Jiyva
  2236 | D:4      | Reached XP level 5. HP: 35/43 MP: 8/8
  2277 | D:4      | Noticed a lemure
  2304 | D:4      | Noticed Menkaure
  2325 | D:4      | HP: 2/43 [bat[Eustachio] (1)]
  2466 | D:4      | Noticed a lemure
  2495 | D:3      | Killed a lemure
  2501 | D:4      | Noticed a lemure
  2528 | D:3      | Killed Pikel
  2529 | D:3      | Reached skill level 5 in Fighting
  2529 | D:3      | Reached skill level 3 in Axes
  2529 | D:3      | Reached XP level 6. HP: 38/55 MP: 7/9
  2529 | D:3      | Gained mutation: You curl defensively after being hit. (AC
                  | +7*) [Palentonga growth]
  2529 | D:3      | Reached XP level 7. HP: 41/60 MP: 7/10
  2604 | D:4      | Killed Menkaure
  2605 | D:4      | Reached skill level 4 in Axes
  2720 | D:4      | Killed Eustachio
  2828 | D:4      | Got the Textbook on Congregated Air
  2948 | D:5      | Entered Level 5 of the Dungeon
  3260 | D:5      | Found an iron altar of Okawaru.
  3290 | D:5      | Found a shadowy altar of Dithmenos.
  3541 | D:5      | Reached skill level 5 in Axes
  3545 | D:5      | Reached XP level 8. HP: 69/71 MP: 11/11
  3714 | D:6      | Found a shimmering blue altar of Sif Muna.
  3765 | D:6      | Found a glowing golden altar of the Shining One.
  3871 | D:6      | Found an ornate altar of the Wu Jian Council.
  3906 | D:6      | Noticed Grinder
  3917 | D:7      | Noticed an unseen horror
  3917 | D:7      | Reached ***** piety under Jiyva
  3925 | D:6      | Lost mutation: Your flesh is almost immune to the effects
                  | of cold. (rC+++) [Jiyva's grace]
  3925 | D:6      | Gained mutation: Your system is resistant to poisons.
                  | (rPois) [Jiyva's grace]
  3925 | D:6      | Gained mutation: Armour fits poorly on your pseudopods.
                  | [Jiyva's grace]
  3925 | D:6      | Gained mutation: Armour fits poorly on your large
                  | pseudopods. [Jiyva's grace]
  3925 | D:6      | Gained mutation: Armour fits poorly on your massive
                  | pseudopods. [Jiyva's grace]
  4054 | D:6      | Killed Grinder
  4235 | D:6      | Reached skill level 6 in Axes
  4675 | D:7      | Reached skill level 7 in Axes
  4772 | D:7      | Reached XP level 9. HP: 80/80 MP: 12/12
  4774 | D:7      | Found a staircase to the Ecumenical Temple.
  4915 | D:7      | Killed an unseen horror
  4967 | D:7      | Found Raumumae's Antique Armour Shop.
  4974 | D:7      | Reached skill level 8 in Axes
  4977 | D:7      | Bought a colourful robe for 159 gold pieces
  4977 | D:7      | Identified the +1 robe of a volcano {MP+9} (You bought it
                  | in a shop on level 7 of the Dungeon)
  5279 | D:8      | Found a stormy altar of Qazlal.
  5378 | D:8      | Reached skill level 9 in Axes
  5426 | D:8      | Found a radiant altar of Vehumet.
  5497 | D:8      | Found a sand-covered staircase.
  5501 | Ossuary  | Entered an ossuary
  5637 | Ossuary  | Reached skill level 10 in Axes
  5684 | Ossuary  | Reached XP level 10. HP: 74/88 MP: 13/13
  6249 | D:9      | Lost mutation: Armour fits poorly on your massive
                  | pseudopods. [Jiyva's grace]
  6249 | D:9      | Lost mutation: You can roll at foes to attack. [Jiyva's
                  | grace]
  6249 | D:9      | Gained mutation: Your melee attacks may engulf your foes in
                  | ooze. [Jiyva's grace]
  6249 | D:9      | Gained mutation: You have sharp toenails. [Jiyva's grace]
  6249 | D:9      | Gained mutation: You have razor-sharp toenails. [Jiyva's
                  | grace]
  6249 | D:9      | Gained mutation: You have claws for feet. [Jiyva's grace]
  6250 | D:9      | Reached ****** piety under Jiyva
  6290 | D:9      | Reached skill level 11 in Axes
  6334 | D:9      | Noticed a two-headed ogre
  6339 | D:9      | Killed a two-headed ogre
  6340 | D:9      | Reached skill level 12 in Axes
  6369 | D:9      | Noticed a six-headed hydra
  6380 | D:9      | Slimified a six-headed hydra
  6380 | D:9      | Noticed an acid blob
  6380 | D:9      | a six-headed hydra changed into an acid blob
  6670 | D:9      | Noticed a two-headed ogre
  6677 | D:9      | Killed a two-headed ogre
  6798 | D:10     | Entered Level 10 of the Dungeon
  6845 | D:10     | Found a snail-covered altar of Cheibriados.
  6942 | D:10     | Reached skill level 13 in Axes
  6942 | D:10     | Reached XP level 11. HP: 88/95 MP: 12/14
  6961 | D:10     | Found a bloodstained altar of Trog.
  6972 | D:10     | Reached skill level 5 in Dodging
  7606 | D:10     | Reached skill level 14 in Axes
  7992 | D:11     | Identified the +8 quarterstaff "Tooczel" {vorpal, rPois rN+
                  | Dex+3}
  8138 | D:11     | Lost mutation: You have claws for feet. [Jiyva's grace]
  8138 | D:11     | Lost mutation: Your flesh is very cold resistant. (rC++)
                  | [Jiyva's grace]
  8138 | D:11     | Gained mutation: Your rubbery body absorbs attacks. (AC +1,
                  | EV +1) [Jiyva's grace]
  8138 | D:11     | Gained mutation: Your pliable body absorbs attacks. (AC +2,
                  | EV +2) [Jiyva's grace]
  8138 | D:11     | Gained mutation: Your gelatinous body deflects attacks. (AC
                  | +3, EV +3) [Jiyva's grace]
  8138 | D:11     | Gained mutation: You have claws for feet. [Jiyva's grace]
  8281 | D:11     | Found a staircase to the Lair.
  8297 | Lair:1   | Entered Level 1 of the Lair of Beasts
  8506 | Lair:1   | Noticed a catoblepas
  8517 | Lair:1   | Killed a catoblepas
  8518 | Lair:1   | Reached XP level 12. HP: 94/103 MP: 15/15
  8591 | Lair:1   | Noticed a five-headed hydra
  8601 | Lair:1   | Slimified a five-headed hydra
  8601 | Lair:1   | Noticed an acid blob
  8601 | Lair:1   | a five-headed hydra changed into an acid blob
  8610 | Lair:1   | Reached skill level 10 in Fighting
  8687 | Lair:1   | Noticed a seven-headed hydra
  8692 | Lair:1   | Slimified a seven-headed hydra
  8692 | Lair:1   | Noticed an acid blob
  8692 | Lair:1   | a seven-headed hydra changed into an acid blob
  9031 | Lair:1   | Identified the +8 rapier "Mojy" {speed, rF+ Int+4}
  9306 | Lair:2   | Reached skill level 15 in Axes
  9374 | Lair:2   | Noticed a four-headed hydra
  9386 | Lair:2   | Killed a seven-headed hydra
  9425 | Lair:2   | Lost mutation: You have claws for feet. [Jiyva's grace]
  9425 | Lair:2   | Lost mutation: Your flesh is cold resistant. (rC+) [Jiyva's
                  | grace]
  9425 | Lair:2   | Lost mutation: Your gelatinous body deflects attacks. (AC
                  | +3, EV +3) [Jiyva's grace]
  9425 | Lair:2   | Lost mutation: Your pliable body absorbs attacks. (AC +2,
                  | EV +2) [Jiyva's grace]
  9425 | Lair:2   | Gained mutation: Your flesh is heat resistant. (rF+)
                  | [Jiyva's grace]
  9425 | Lair:2   | Gained mutation: Your flesh is very heat resistant. (rF++)
                  | [Jiyva's grace]
  9425 | Lair:2   | Gained mutation: Your flesh is almost immune to the effects
                  | of heat. (rF+++) [Jiyva's grace]
  9425 | Lair:2   | Gained mutation: You have hidden genetic potential.
                  | [Jiyva's grace]
  9574 | Lair:2   | Found a hole to the Spider Nest.
  9751 | Lair:2   | Noticed a seven-headed hydra
  9753 | Lair:2   | Slimified a seven-headed hydra
  9753 | Lair:2   | Noticed an acid blob
  9753 | Lair:2   | a seven-headed hydra changed into an acid blob
  9853 | Lair:2   | Noticed a death yak
  9914 | Lair:2   | Killed a death yak
 10137 | Lair:3   | Noticed a six-headed hydra
 10158 | Lair:2   | Killed a nine-headed hydra
 10227 | Lair:3   | Noticed Amaemon
 10230 | Lair:3   | Noticed Gastronok
 10232 | Lair:3   | Noticed a boulder beetle
 10266 | Lair:3   | Noticed a boulder beetle
 10439 | Lair:3   | Killed a boulder beetle
 10581 | Lair:3   | Lost mutation: Your flesh is almost immune to the effects
                  | of heat. (rF+++) [Jiyva's grace]
 10581 | Lair:3   | Lost mutation: Your rubbery body absorbs attacks. (AC +1,
                  | EV +1) [Jiyva's grace]
 10581 | Lair:3   | Lost mutation: Armour fits poorly on your large pseudopods.
                  | [Jiyva's grace]
 10581 | Lair:3   | Lost mutation: Armour fits poorly on your pseudopods.
                  | [Jiyva's grace]
 10581 | Lair:3   | Gained mutation: Your translucent skin slightly reduces
                  | your foes' accuracy. (Stealth+) [Jiyva's grace]
 10581 | Lair:3   | Gained mutation: Your translucent skin reduces your foes'
                  | accuracy. (Stealth+) [Jiyva's grace]
 10581 | Lair:3   | Gained mutation: Your transparent skin significantly
                  | reduces your foes' accuracy. (Stealth+) [Jiyva's grace]
 10581 | Lair:3   | Gained mutation: Your spells are a little harder to cast,
                  | but a little more powerful. [Jiyva's grace]
 10589 | Lair:3   | Killed Gastronok
 10636 | Lair:3   | Killed a boulder beetle
 10862 | Lair:3   | Killed Amaemon
 11034 | Lair:3   | Found a staircase to the Shoals.
 11268 | Lair:4   | Noticed an eight-headed hydra
 11326 | Lair:4   | Reached XP level 13. HP: 113/113 MP: 16/16
 11347 | Lair:4   | Identified the +1 leather armour "Hoalul" {rF+ rCorr Int+3
                  | Dex+4}
 11579 | Lair:4   | Reached skill level 16 in Axes
 11582 | Lair:4   | Learned a level 1 spell: Magic Dart
 11836 | Lair:4   | Reached skill level 1 in Conjurations
 12193 | Lair:4   | Gained mutation: You have claws for feet. [hidden
                  | potential]
 12278 | Lair:5   | Entered Level 5 of the Lair of Beasts
 12331 | Lair:5   | Lost mutation: Your system is resistant to poisons. (rPois)
                  | [Jiyva's grace]
 12331 | Lair:5   | Lost mutation: Your transparent skin significantly reduces
                  | your foes' accuracy. (Stealth+) [Jiyva's grace]
 12331 | Lair:5   | Gained mutation: You are covered in slimy tendrils that may
                  | disarm your opponents. [Jiyva's grace]
 12331 | Lair:5   | Gained mutation: Your flesh is almost immune to the effects
                  | of heat. (rF+++) [Jiyva's grace]
 12331 | Lair:5   | Gained mutation: You can roll at foes to attack. [Jiyva's
                  | grace]
 12331 | Lair:5   | Gained mutation: You can roll a great distance at foes to
                  | attack. [Jiyva's grace]
 12336 | Lair:5   | Identified the +0 robe of Ashenzari {rC+ Dex+4}
 12346 | Lair:5   | Noticed an azure jelly
 12346 | Lair:5   | a seven-headed hydra changed into an azure jelly
 12751 | Lair:5   | Found a viscous altar of Jiyva.
 12751 | Lair:5   | Found a staircase to the Slime Pits.
 12767 | Slime:1  | Entered Level 1 of the Pits of Slime
 12767 | Slime:1  | Noticed an azure jelly
 12767 | Slime:1  | Noticed an azure jelly
 12773 | Slime:2  | Noticed an acid blob
 12777 | Slime:2  | Noticed an azure jelly
 12777 | Slime:2  | Noticed a quicksilver ooze
 12779 | Slime:2  | Noticed a rockslime
 12852 | Slime:3  | Noticed a quicksilver ooze
 12875 | Slime:3  | Noticed a quicksilver ooze
 12877 | Slime:3  | Noticed an acid blob
 12878 | Slime:3  | Noticed a rockslime
 12894 | Slime:4  | Noticed an acid blob
 12896 | Slime:5  | Entered Level 5 of the Pits of Slime
 12914 | Slime:5  | Noticed a rockslime
 12915 | Slime:5  | Found a viscous altar of Jiyva.
 12915 | Slime:5  | Noticed an acid blob
 12915 | Slime:5  | Noticed an acid blob
 12916 | Slime:5  | Noticed an acid blob
 12916 | Slime:5  | Noticed an acid blob
 12916 | Slime:5  | Noticed the Royal Jelly
 12916 | Slime:5  | Noticed an acid blob
 12922 | Slime:5  | Identified the +7 long sword of Patience {venom, Will++
                  | MP+9 SInv Stlth-}
 12925 | Slime:5  | Noticed an acid blob
 12927 | Slime:5  | Noticed a rockslime
 12933 | Slime:5  | Got a slimy rune of Zot
 12935 | Slime:5  | Identified the +2 helmet of the Gloaming {rElec Int+3}
 12941 | Slime:5  | Noticed a rockslime
 12976 | Slime:5  | Noticed an azure jelly
 13016 | Slime:5  | Noticed an azure jelly
 13238 | Slime:4  | Noticed an acid blob
 13434 | Lair:5   | Learned a level 3 spell: Teleport Other
 13741 | Lair:5   | Learned a level 2 spell: Searing Ray
 13995 | Lair:5   | Noticed a fire dragon
 14014 | Lair:5   | Reached skill level 5 in Spellcasting
 14018 | Lair:5   | Killed a fire dragon
 14558 | D:12     | Reached XP level 14. HP: 124/124 MP: 21/21
 14558 | D:12     | Found a staircase to the Orcish Mines.
 14884 | D:12     | Reached skill level 10 in Dodging
 14884 | D:12     | Reached skill level 5 in Conjurations
 14884 | D:12     | Gained mutation: Your spells are harder to cast, but more
                  | powerful. [hidden potential]
 14884 | D:12     | Lost mutation: You have hidden genetic potential. [hidden
                  | potential expressed]
 15384 | Orc:1    | Entered Level 1 of the Orcish Mines
 15466 | Orc:1    | Lost mutation: Your flesh is almost immune to the effects
                  | of heat. (rF+++) [Jiyva's grace]
 15466 | Orc:1    | Lost mutation: Your flesh is very heat resistant. (rF++)
                  | [Jiyva's grace]
 15466 | Orc:1    | Lost mutation: Your spells are harder to cast, but more
                  | powerful. [Jiyva's grace]
 15466 | Orc:1    | Lost mutation: You are covered in slimy tendrils that may
                  | disarm your opponents. [Jiyva's grace]
 15466 | Orc:1    | Gained mutation: Your spells are harder to cast, but more
                  | powerful. [Jiyva's grace]
 15466 | Orc:1    | Gained mutation: Your spells are much harder to cast, but
                  | much more powerful. [Jiyva's grace]
 15466 | Orc:1    | Gained mutation: Your rubbery body absorbs attacks. (AC +1,
                  | EV +1) [Jiyva's grace]
 15466 | Orc:1    | Gained mutation: Your pliable body absorbs attacks. (AC +2,
                  | EV +2) [Jiyva's grace]
 15571 | Orc:2    | Entered Level 2 of the Orcish Mines
 15581 | Orc:2    | Found a staircase to the Elven Halls.
 15705 | Orc:2    | Found Maqen's Distillery.
 15705 | Orc:2    | Found Qunnu's Book Shoppe.
 15705 | Orc:2    | Found Kadaez's Jewellery Shoppe.
 15719 | Orc:2    | Found Odawajun's Jewellery Emporium.
 15773 | Orc:2    | Bought a potion of berserk rage for 70 gold pieces
 15857 | Orc:2    | Noticed Josephine
 15862 | Orc:2    | Killed Josephine
 15912 | Orc:2    | Found a runed translucent gate.
 15913 | Orc:2    | Found a runed translucent gate.
 15913 | Orc:2    | Found an opulent altar of Gozag.
 15914 | Orc:2    | Found a runed translucent gate.
 15917 | Orc:2    | Noticed Buttons840's ghost (journeyman MiBe)
 15927 | Orc:2    | Found Keer's Assorted Antiques.
 16032 | Orc:2    | Killed Buttons840's ghost
 16150 | Orc:2    | Bought the ring "Wiurghuac" {Wiz Str+4 Dex+3 Stlth+} for
                  | 817 gold pieces
 16152 | Orc:2    | Bought a potion of brilliance for 56 gold pieces
 16152 | Orc:2    | Bought a potion of flight for 42 gold pieces
 16372 | Elf:1    | Entered Level 1 of the Elven Halls
 16443 | Elf:1    | Found Gyungym's Magic Scroll Boutique.
 16453 | Elf:1    | Bought a scroll of poison for 40 gold pieces
 16453 | Elf:1    | Bought a scroll of brand weapon for 95 gold pieces
 16587 | Spider:1 | Entered Level 1 of the Spider Nest
 16587 | Spider:1 | Noticed Kirke
 16647 | Shoals:1 | Entered Level 1 of the Shoals
 17024 | D:13     | Lost mutation: Your spells are much harder to cast, but
                  | much more powerful. [Jiyva's grace]
 17024 | D:13     | Lost mutation: Your translucent skin reduces your foes'
                  | accuracy. (Stealth+) [Jiyva's grace]
 17024 | D:13     | Lost mutation: You can roll a great distance at foes to
                  | attack. [Jiyva's grace]
 17024 | D:13     | Gained mutation: You have a pair of small antennae on your
                  | head. [Jiyva's grace]
 17024 | D:13     | Gained mutation: You have a pair of antennae on your head.
                  | [Jiyva's grace]
 17024 | D:13     | Gained mutation: You have a pair of large antennae on your
                  | head. (SInv) [Jiyva's grace]
 17024 | D:13     | Gained mutation: You possess an exceptional clarity of
                  | mind. [Jiyva's grace]
 17263 | D:13     | Reached skill level 1 in Stealth
 17287 | D:13     | Noticed Rupert
 17294 | D:13     | Killed Rupert
 17299 | D:13     | Lost mutation: You can roll at foes to attack. [potion of
                  | mutation]
 17299 | D:13     | Lost mutation: Your melee attacks may engulf your foes in
                  | ooze. [potion of mutation]
 17299 | D:13     | Lost mutation: Your translucent skin slightly reduces your
                  | foes' accuracy. (Stealth+) [potion of mutation]
 17299 | D:13     | Gained mutation: You are somewhat resistant to further
                  | mutation. [potion of mutation]
 18033 | Elf:1    | Learned a level 1 spell: Apportation
 18190 | Elf:1    | Shot with an arrow by a deep elf archer

Illustrated notes

Levels and vault maps discovered:
D:1:      dpeg_arrival_fog, layout_rooms, shapermc_ecumenical_altar_gd
D:2:      layout_loops_ring, minmay_quantized
D:3:      layout_basic, ebering_ghost_sewer_f, st_stairs_6
D:4:      layout_cave_pools, lemuel_crystal_altar,
          chequers_temple_overflow_statue_of_worship, uniq_eustachio,
          uniq_pikel, uniq_menkaure
D:5:      layout_loops_ring, mainiacjoe_overflow_two_lobes
D:6:      layout_basic, mainiacjoe_overflow_boulevard, lemuel_crystal_altar,
          mainiacjoe_overflow_24_doors, uniq_grinder
D:7:      layout_rooms, minmay_temple_entry_grid, serial_shops, shop,
          enter_bailey_3, serial_park_tiny_1
D:8:      layout_basic, mainiacjoe_overflow_small_starburst,
          fiery_altar_vehumet, enter_ossuary_5
D:9:      layout_roguey, serial_curves, eino_curves_03, eino_curves_02
D:10:     layout_stronghold, kennysheep_mini, mainiacjoe_overflow_catwalk,
          nicolae_benzene_ring
D:11:     layout_rooms, erik_lair_island, nooodl_orcs_dogs
D:12:     layout_cave_pods, orc_0_dummy, feat_on_display
D:13:     layout_stronghold, glass_columns_a, uniq_rupert
D:14:     layout_basic, hangedman_vaults_entry_quadrant_bands,
          nicolae_wu_jian_immortal_techniques, serial_curves, eino_curves_04,
          eino_curves_03, st_stairs_13, lightli_corner_chamber
Lair:1:   layout_cave_pods
Lair:2:   layout_long_grid, dummy_spider_entry, grunt_forest_large_clearing_hut
Lair:3:   layout_regular_city, elwin_shoals_entry_rooms, minmay_holes,
          serial_bayou_pond_c, hangedman_lair_generics_rect, uniq_amaemon,
          uniq_gastronok
Lair:4:   layout_cave_pods, serial_bayou_crossing, lemuel_fruit_tree
Lair:5:   guppyfry_lair_end_dragon, layout_small_grid, hangedman_lair_in_review,
          slime_entry_1
Shoals:1: layout_shoals
Spider:1: layout_spider_delve, uniq_kirke, uniq_nikola
Slime:1:  layout_caves
Slime:2:  layout_caves
Slime:3:  layout_caves, nicolae_slime_round_cave
Slime:4:  layout_caves
Slime:5
Orc:1:    layout_caves, basic_altar
Orc:2:    st_orc_mages, layout_caves, ebering_ghost_gozag, uniq_josephine
Elf:1:    layout_gridlike, serial_shops, shop, evilmike_minifort,
          grunt_megastairs_2

Skill      XL: |  1  2  3  4  5  6  7  8  9 10 11 12 13 14 |
---------------+-------------------------------------------+-----
Translocations | 4 5 |  5.0
Fighting       | 3 5 7 8 9 11 12 14 | 14.3
Axes           | 3 5 7 10 13 14 15 16 | 16.0
Dodging        | 2 3 4 6 8 9 11 | 11.2
Conjurations   | 4 5 |  5.0
Spellcasting   | 5 6 |  6.0
Stealth        | 2 |  2.3
Throwing       | |  0.6
Armour         | |  0.7

Action                   |  1- 3 |  4- 6 |  7- 9 | 10-12 | 13-15 || total
-------------------------+-------+-------+-------+-------+-------++-------
Melee: Hand axe          |    77 |    49 |   177 |       |       ||   303
       Tailslap          |     7 |     5 |    62 |    80 |   121 ||   275
       Short sword       |       |    20 |       |       |       ||    20
       Punch             |       |       |     4 |     4 |     8 ||    16
       Pseudopods        |       |       |    43 |    89 |       ||   132
       War axe           |       |       |   111 |   431 |   602 ||  1144
       Kick              |       |       |       |   162 |   276 ||   438
       Rapier            |       |       |       |       |     4 ||     4
 Fire: Sling             |    42 |    18 |    45 |    17 |     2 ||   124
Throw: Boomerang         |       |     1 |       |       |       ||     1
       Javelin           |       |     1 |       |       |       ||     1
       Stone             |       |       |     2 |    14 |     4 ||    20
 Cast: Blink             |     1 |     7 |    21 |    24 |    27 ||    80
       Magic Dart        |       |       |       |       |     3 ||     3
Invok: Slimify           |       |       |       |     4 |     3 ||     7
       Oozemancy         |       |       |       |       |     1 ||     1
 Abil: Rolling Charge    |     5 |    11 |    77 |    75 |   125 ||   293
Evoke: Wand              |       |     1 |     1 |     7 |       ||     9
  Use: Potion            |     2 |     1 |     1 |     1 |     5 ||    10
       Scroll            |       |     4 |     1 |     9 |     9 ||    23
 Stab: Distracted        |       |       |     1 |     1 |       ||     2
       Sleeping          |       |       |       |       |     2 ||     2
Armor: Leather armour    |    46 |    43 |    90 |    75 |    74 ||   328
       Troll leather arm |       |       |       |    54 |    58 ||   112
Dodge: Dodged            |    44 |    52 |   139 |   269 |   441 ||   945

Table legend: (Time is in decaauts)
 A = Elapsed time spent in this place.
 B = Non-inter-level travel time spent in this place.
 C = Inter-level travel time spent in this place.
 D = Time resting spent in this place.
 E = Time spent auto-exploring this place.
 F = Levels seen in this place.
 G = Mean time per level.
                   A        B        C        D        E       F      G
               +--------+--------+--------+--------+--------+-----+--------+
         Total |  18119 |  16649 |   1470 |    405 |  11310 |  30 |  604.0 |
       Dungeon |  10171 |   9518 |    653 |    289 |   6547 |  14 |  726.5 |
          Lair |   5600 |   4964 |    636 |    105 |   3543 |   5 | 1120.0 |
        Shoals |     75 |     75 |      0 |      0 |      0 |   1 |   75.0 |
   Spider Nest |      4 |      4 |      0 |      0 |      0 |   1 |    4.0 |
    Slime Pits |    508 |    435 |     73 |      0 |    330 |   5 |  101.6 |
  Orcish Mines |    999 |    894 |    105 |      0 |    524 |   2 |  499.5 |
   Elven Halls |    379 |    379 |      0 |      0 |    229 |   1 |  379.0 |
       Ossuary |    379 |    379 |      0 |     11 |    135 |   1 |  379.0 |
               +--------+--------+--------+--------+--------+-----+--------+

Top non-repeatable levels by time:
  Lair:5: 1253 daAuts
  Lair:3: 1152 daAuts
    D:10: 1139 daAuts
  Lair:4: 1121 daAuts
  Lair:2: 1078 daAuts
  Lair:1: 994 daAuts
    D:13: 960 daAuts
    D:12: 943 daAuts
     D:2: 911 daAuts
     D:6: 869 daAuts
     D:3: 826 daAuts
     D:5: 780 daAuts
     D:7: 654 daAuts
     D:4: 642 daAuts
     D:9: 613 daAuts
